 Dungeon Crawl Stone Soup version 0.29.1-12-g30fa7ad0bf (webtiles) character file.

Game seed: 61893652212218069

123 playitsafe the Gusty (level 5, -2/31 HPs)
             Began as an Octopode Air Elementalist on Jan 1, 2023.
             Slain by an ufetubus (3 damage)
             ... on level 3 of the Dungeon.
             The game lasted 00:05:21 (3708 turns).

playitsafe the Gusty (Octopode Air Elementalist)    Turns: 3708, Time: 00:05:22

Health: -2/31      AC:  1    Str:  8    XL:     5   Next: 7%
Magic:  0/9        EV: 13    Int: 19    God:
Gold:   193        SH:  0    Dex: 12    Spells: 4/10 levels left

rFire   . . .      SeeInvis .   n - +3 short sword
rCold   . . .      Faith    .   (no shield)
rNeg    . . .      Spirit   .   (helmet restricted)
rPois   .          Reflect  .   (no amulet)
rElec   .          Harm     .   (no ring)
rCorr   .          Rampage  .   (no ring)
Will    .....                   (no ring)
Stlth   +++.......              (no ring)
HPRegen 0.10/turn               (no ring)
MPRegen 0.11/turn               (no ring)
                                (no ring)
                                (no ring)

@: no status effects
A: almost no armour, amphibious, 8 rings, camouflage 1, gelatinous body 1,
(nimble swimmer 1), tentacles
a: no special abilities


You were on level 3 of the Dungeon.
You visited 1 branch of the dungeon, and saw 4 of its levels.

You collected 193 gold pieces.

Inventory:

Hand Weapons
 n - a +3 short sword (weapon)
Scrolls
 b - a scroll of immolation {unknown}
 c - 2 scrolls of fear {unknown}
 e - 6 scrolls of teleportation
 g - 2 scrolls of amnesia {unknown}
 h - a scroll of fog {unknown}
 i - a scroll of summoning {unknown}
 j - a scroll of brand weapon {unknown}
 k - a scroll of vulnerability {unknown}
 m - a scroll of enchant armour {unknown}
Potions
 a - a potion of magic
 f - a potion of mutation
 l - a potion of brilliance


   Skills:
 - Level 2.0 Dodging
 - Level 2.6 Stealth
 - Level 3.0 Spellcasting
 + Level 2.8 Conjurations
 + Level 4.1 Air Magic


You had 4 spell levels left.
You knew the following spells:

 Your Spells              Type           Power      Damage    Failure   Level
a - Shock                 Conj/Air       64%        1d7       3%          1
b - Static Discharge      Conj/Air       16%        3-5/arc   5%          2
c - Swiftness             Air            18%        N/A       9%          3

Your spell library contained the following spells:

 Spells                   Type           Power      Damage    Failure   Level
 Apportation              Tloc           4%         N/A       16%         1
 Airstrike                Air            9%         2d(2-18)  28%         4
 Alistair's Intoxication  Tmut/Pois      1%         N/A       99%         5


Dungeon Overview and Level Annotations

Branches:
Dungeon (4/15)
 Temple: D:4-7

Altars:
Cheibriados
Elyvilon
Ru

Shops:
D:1 [


Innate Abilities, Weirdness & Mutations

You cannot wear most types of armour.
You are amphibious.
You can wear up to eight rings at the same time.
Your skin changes colour to match your surroundings (Stealth+).
Your rubbery body absorbs attacks. (AC +1, EV +1)
((You are camouflaged when in or above water. (Stealth+)))
You have tentacles for arms and can constrict up to eight enemies at once.


Message History

The slug dart hits you.
* * * LOW HITPOINT WARNING * * *
Casting: Shock (safe; 3% risk of failure)
Confirm with . or Enter, or press ? or * to list all spells.
Aiming: Shock (safe; 3% risk of failure)
Press: ? - help, Shift-Dir - straight line, f/p - dart slug
Aim: a dart slug (severely wounded, 100% to hit)
The zap hits the dart slug.
The dart slug is almost dead.
The ufetubus shouts!
You feel sick.
You feel sick.
You are no longer poisoned.
There is a stone staircase leading up here.
Casting: Shock (safe; 3% risk of failure)
Confirm with . or Enter, or press ? or * to list all spells.
Aiming: Shock (safe; 3% risk of failure)
Press: ? - help, Shift-Dir - straight line, f/p - dart slug
Aim: a dart slug (almost dead, 100% to hit)
The zap misses the ufetubus.
The zap hits the dart slug.
You kill the dart slug!
The ufetubus hits you but does no damage.
The ufetubus misses you.
You climb upwards.
There is a stone staircase leading down here.
You hit the ufetubus. Your grab misses the ufetubus.
The ufetubus is heavily wounded.
The ufetubus hits you.
* * * LOW HITPOINT WARNING * * *
The ufetubus hits you but does no damage.
The ufetubus hits you.
* * * LOW HITPOINT WARNING * * *
The ufetubus closely misses you.
You barely miss the ufetubus. You grab the ufetubus.
You squeeze the ufetubus, but do no damage.
The ufetubus is heavily wounded.
You constrict the ufetubus. The ufetubus hits you.
* * * LOW HITPOINT WARNING * * *
The ufetubus hits you.
You die...

###### #....#
#######....#
####@....'....##
#..5...###.....##
#......# #......##
#......# #....#..#
#......# #....##.####
#......# #....##.....
############.#.#
###########.
#............#.##
####.
##.###########..#####
#....


You could see an ufetubus.

Vanquished Creatures
  A mummy (D:3)
  3 adders
  4 dart slugs
  An orc (D:3)
  6 ball pythons
  4 bats
  6 endoplasms
  6 giant cockroaches
  8 goblins
  8 hobgoblins
  4 jackals (D:1)
  4 quokkas
  4 frilled lizards
  3 kobolds
  7 rats
69 creatures vanquished.

Notes
Turn   | Place    | Note
-------+----------+-------------------------------------------
     0 | D:1      | playitsafe the Octopode Air Elementalist began the quest
                  | for the Orb.
     0 | D:1      | Reached XP level 1. HP: 11/11 MP: 3/3
    85 | D:1      | Reached XP level 2. HP: 3/17 MP: 1/5
   705 | D:1      | Reached XP level 3. HP: 21/21 MP: 3/6
  1089 | D:1      | Found Imagaddar's Antique Armour Emporium.
  1676 | D:2      | Reached XP level 4. HP: 27/27 MP: 3/8
  1752 | D:2      | Learned a level 2 spell: Static Discharge
  1756 | D:2      | Learned a level 3 spell: Swiftness
  2810 | D:3      | Found a sacrificial altar of Ru.
  2821 | D:3      | Found a white marble altar of Elyvilon.
  3117 | D:3      | Reached skill level 4 in Air Magic
  3190 | D:3      | Found a snail-covered altar of Cheibriados.
  3696 | D:4      | Reached XP level 5. HP: 23/31 MP: 5/9
  3708 | D:3      | HP: 1/31 [ufetubus (1)]
  3708 | D:3      | Slain by an ufetubus

Illustrated notes

Levels and vault maps discovered:
D:1:      erik_arrival_blinker_ship, layout_loops_ring, serial_shops,
          nicolae_shop_window_shopping
D:2:      layout_basic
D:3:      layout_basic, slow_altar_1, mainiacjoe_overflow_catwalk,
          elyvilon_altar_4
D:4:      layout_loops_corners, kennysheep_little_box,
          minmay_temple_entry_poolview, serial_shops, kennysheep_mini, shop,
          gammafunk_ghost_grave, minmay_between

Skill      XL: |  1  2  3  4 |
---------------+-------------+-----
Conjurations   | 2 |  2.8
Spellcasting   | 3 |  3.0
Air Magic      | 4 |  4.1
Dodging        | |  2.0
Stealth        | |  2.6

Action                   |  1- 3 |  4- 6 || total
-------------------------+-------+-------++-------
Melee: Unarmed           |    12 |       ||    12
       Constrict         |     9 |     2 ||    11
       Tentacles         |     8 |     2 ||    10
       Dagger            |    20 |     3 ||    23
       Short sword       |       |     2 ||     2
 Cast: Shock             |    60 |    67 ||   127
  Use: Scroll            |       |     4 ||     4
 Stab: Sleeping          |     1 |       ||     1
Armor: Skin              |     1 |     2 ||     3
Dodge: Dodged            |    32 |     6 ||    38
